 Dungeon Crawl Stone Soup version 0.27.1-33-g824d729ab1 (webtiles) character file.

Game seed: 15169007653488955872

158 hamarrboo the Skirmisher (level 5, -8/49 HPs)
             Began as a Gargoyle Berserker on Dec 24, 2021.
             Was a Believer of Trog.
             Mangled by Menkaure (13 damage)
             ... on level 3 of the Dungeon.
             The game lasted 00:10:02 (2698 turns).

hamarrboo the Skirmisher (Gargoyle Berserker)       Turns: 2698, Time: 00:10:03

Health: -8/49      AC: 11    Str: 21 (22) XL:     5   Next: 40%
Magic:  5/5        EV: 11    Int:  4 (7)  God:    Trog [**....]
Gold:   89         SH:  0    Dex:  9      Spells: 4/4 levels left

rFire    . . .     SeeInvis .   b - +4 dagger
rCold    . . .     Faith    +   (no shield)
rNeg     + . .     Spirit   .   c - +1 ring mail
rPois    ∞         Reflect  .   a - +0 helmet
rElec    +         Harm     .   (no cloak)
rCorr    .         Rampage  .   (no gloves)
Will     ++...                  (no boots)
Stlth    ..........             e - amulet of faith
HPRegen  1.16/turn              (no ring)
MPRegen  0.09/turn              (no ring)

@: berserking, strong-willed, regenerating, very quick
A: sickness immunity, AC +4, negative energy resistance 1, electricity
resistance, torment resistance 1, petrification resistance
a: Renounce Religion, Berserk, Trog's Hand


You were on level 3 of the Dungeon.
You worshipped Trog.
Trog was pleased with you.
You visited 1 branch of the dungeon, and saw 4 of its levels.

You collected 89 gold pieces.

Inventory:

Hand Weapons
 b - a +4 dagger (weapon)
Armour
 a - a +0 helmet (worn)
 c - a +1 ring mail (worn)
Jewellery
 e - an amulet of faith (around neck)
Scrolls
 d - a scroll of teleportation
Potions
 f - a potion of mutation {unknown}


   Skills:
 + Level 4.1 Fighting
 + Level 1.9 Short Blades
 + Level 3.2 Polearms
 + Level 3.1 Armour
 + Level 2.1 Dodging
 + Level 0.7 Stealth
 + Level 0.5 Evocations


You had 4 spell levels left.
You didn't know any spells.
Your spell library was empty.

Dungeon Overview and Level Annotations

Branches:
Dungeon (4/15)
 Temple: D:4-7

Altars:
Uskayaw

Annotations:
D:3 Menkaure
D:4 exclusion: lemure, Pikel


Innate Abilities, Weirdness & Mutations

You are immune to sickness and miasma.
Your stone body is resilient. (AC +4)
You are immune to poison.
You resist negative energy. (rN+)
You are resistant to electric shocks. (rElec)
You are resistant to unholy torment.
You are immune to petrification.


Message History

You climb downwards.
Level annotation: exclusion: lemure, Menkaure, Pikel The goblin shoots a stone.
The stone hits you but does no damage.
Menkaure gestures wildly while chanting.
Menkaure seems to speed up.
The goblin shoots a stone.
The stone hits you but does no damage.
There is a stone staircase leading up here.
The goblin shoots a stone.
The stone hits you but does no damage.
Menkaure grins.
Menkaure casts a spell at you. Pain shoots through your body!
Menkaure casts a spell at you. Pain shoots through your body!
The goblin shoots a stone.
The stone hits you but does no damage.
The goblin shoots a stone.
The stone barely misses you. Menkaure barely misses you.
The goblin shoots a stone.
The stone closely misses you.
You climb upwards.
There is a stone staircase leading down here.
You hit Menkaure.
Menkaure is lightly damaged.
Menkaure misses you.
You barely miss Menkaure.
Menkaure is lightly damaged.
Menkaure mumbles a few words.
Menkaure barely misses you. Menkaure breathes soot at you. Menkaure hits you!
You are too injured to fight recklessly!
Okay, then.
Your skin crawls.
You feel strong-willed. Menkaure hits you!
* * * LOW HITPOINT WARNING * * *
A red film seems to cover your vision as you go berserk!
You feel yourself moving faster!
You feel mighty! Menkaure barely misses you.
You puncture Menkaure!
Menkaure is heavily damaged.
Menkaure hits you!
You die...

### ####### ########.######
##.....######### #.............#
#..###.#........
#........####.####......#........
#........#......."...####........
#......#.......#.....# #........
.........#..#..#####.# ######.##
######.#....#..M@....####<.......
#...#.#.#..##.[.......##.####.>.
##.#.#.###..#.......##.##........
.....#......#.#.....#......##.###
##.########.......#.#..###.##.###
##.###........#.#...##.....##'#..
#......###..........##...........
#..#######...##.....##...........
#...#...............##...........


You could see Menkaure (fast).

Vanquished Creatures
  A lemure (D:3)
  A jelly (D:3)
  A scorpion zombie (D:3)
  Robin (D:3)
  2 adders (D:2)
  A dart slug (D:1)
  5 orcs (D:3)
  6 bats
  4 endoplasms
  A giant cockroach (D:3)
  13 goblins
  6 hobgoblins
  4 jackals (D:2)
  5 kobolds
  3 quokkas (D:1)
  5 ball pythons
  3 frilled lizards
  4 rats
66 creatures vanquished.

Notes
Turn   | Place    | Note
-------+----------+-------------------------------------------
     0 | D:1      | hamarrboo the Gargoyle Berserker began the quest for the
                  | Orb.
     0 | D:1      | Reached XP level 1. HP: 14/14 MP: 1/1
   186 | D:1      | Reached XP level 2. HP: 19/19 MP: 2/2
   724 | D:1      | Reached XP level 3. HP: 22/24 MP: 3/3
   753 | D:1      | Reached ** piety under Trog
  1154 | D:2      | Found a faded altar of an unknown god.
  1204 | D:2      | Reached skill level 4 in Fighting
  1208 | D:2      | Reached XP level 4. HP: 29/29 MP: 4/4
  1376 | D:2      | Reached skill level 1 in Short Blades
  1599 | D:3      | Found a hide-covered altar of Uskayaw.
  1617 | D:4      | Noticed Pikel
  1617 | D:4      | Noticed a lemure
  1617 | D:4      | Noticed a lemure
  1617 | D:4      | Noticed a lemure
  1617 | D:4      | Noticed a lemure
  1633 | D:3      | Killed a lemure
  2115 | D:3      | Reached XP level 5. HP: 28/33 MP: 5/5
  2596 | D:4      | Noticed Robin
  2600 | D:4      | Noticed Menkaure
  2619 | D:3      | Killed Robin
  2698 | D:3      | Mangled by Menkaure

Illustrated notes

Levels and vault maps discovered:
D:1:      minmay_arrival_four_loops, layout_rooms, chequers_serial_rivers_marsh,
          minmay_misc_feat_rows, minmay_heptomino_o4
D:2:      layout_rooms, ebering_ecumenical_altar_ruins
D:3:      layout_basic, nicolae_uskayaw_murder_on_the_dancefloor
D:4:      layout_cave_pools, serial_shops, nicolae_square_shop,
          patterned_corridor, uniq_pikel, uniq_menkaure, uniq_robin

Skill      XL: |  1  2  3  4  5 |
---------------+----------------+-----
Polearms       | 3 |  3.2
Fighting       | 4 |  4.1
Short Blades   | 1 |  1.9
Dodging        | 2 |  2.1
Armour         | 3 |  3.1
Stealth        | |  0.7
Evocations     | |  0.5

Action                   |  1- 3 |  4- 6 || total
-------------------------+-------+-------++-------
Melee: Spear             |    24 |       ||    24
       Dagger            |    75 |    86 ||   161
Throw: Dart              |       |     4 ||     4
Invok: Berserk           |     1 |     4 ||     5
       Trog's Hand       |       |     2 ||     2
Evoke: Wand              |       |    17 ||    17
  Use: Scroll            |     3 |       ||     3
       Potion            |     1 |     2 ||     3
Armor: Animal skin       |     1 |       ||     1
       Ring mail         |    34 |    39 ||    73
Dodge: Dodged            |    53 |    59 ||   112
